[Event "Bijnor Open 2023"]
[Site "Bijnor"]
[Date "2023.11.30"]
[Round "2.1"]
[White "Utkrisht Singh"]
[Black "Kulkarni, Vikramaditya"]
[Result "0-1"]
[ECO "A41"]
[WhiteElo "1152"]
[BlackElo "2209"]
[Annotator "RC"]
[PlyCount "134"]
[EventDate "2023.11.29"]
[EventCountry "IND"]
[SourceTitle "playchess.com"]
[Source "ChessBase"]
[SourceQuality "1"]
[TimeControl "5400+30"]

1. d4 g6 2. c4 d6 3. Nc3 e5 4. Nf3 Nc6 5. dxe5 Nxe5 6. Nxe5 dxe5 7. Qxd8+ Kxd8 8. e4 h5 9. Be3 Bh6 10. O-O-O+ Bd7 11. Bxh6 Rxh6 12. g3 Ke8 13. Nd5 Rc8 14. Bg2 h4 15. b3 Bg4 16. f3 h3 17. fxg4 hxg2 18. Rhg1 Rxh2 19. Rd2 c6 20. Nc3 Nf6 21. g5 Nh7 22. Rdxg2 Rxg2 23. Rxg2 Rd8 24. Rh2 Nxg5 25. Rh8+ Ke7 26. Rxd8 Kxd8 27. Kd2 Ke7 28. Ke3 Ne6 29. g4 Kf6 30. Kf3 Kg5 31. Kg3 Nc5 32. Kf3 Kh4 33. Nd1 Ne6 34. Nf2 f6 35. b4 Nd4+ 36. Kg2 Nc2 37. b5 cxb5 38. cxb5 Na3 39. b6 axb6 40. Kf3 Nc2 41. a4 Nd4+ 42. Kg2 Ne2 43. Kf3 Nd4+ 44. Kg2 g5 45. Kh2 Ne2 46. Kg2 Nc3 47. Kf3 Nxa4 48. Nd3 Nc5 49. Nb4 b5 50. Nd5 Nd7 51. Nb4 Kh3 52. Nd5 Kh2 53. Kf2 Kh1 54. Kf1 b6 55. Kf2 Kh2 56. Nb4 Nc5 57. Kf3 Kg1 58. Nd5 Nd7 59. Nb4 Kf1 60. Ke3 Kg2 61. Nd5 Kg3 62. Nc7 b4 63. Kd3 Nc5+ 64. Kc4 b3 65. Nd5 b2 66. Nc3 Kxg4 67. Kb4 Nxe4 0-1

[Event "Bijnor Open 2023"]
[Site "Bijnor"]
[Date "2023.11.30"]
[Round "2.2"]
[White "Gauransh Jaiswal"]
[Black "Ramnathan, Balasubramaniam"]
[Result "0-1"]
[ECO "A50"]
[WhiteElo "1145"]
[BlackElo "1920"]
[Annotator "COMBH"]
[PlyCount "118"]
[EventDate "2023.11.29"]
[EventCountry "IND"]
[SourceTitle "playchess.com"]
[Source "ChessBase"]
[SourceQuality "1"]
[TimeControl "5400+30"]

1. d4 Nf6 2. c4 b6 3. Nf3 Bb7 4. g3 e6 5. Bg2 g6 6. O-O Bg7 7. Nc3 O-O 8. e3 d6 9. Bd2 Nbd7 10. Rc1 c5 11. Qe2 a6 12. Rfd1 Qc7 13. Nh4 Rac8 14. Bxb7 Qxb7 15. b3 Rfd8 16. Qf3 Qb8 17. Qg2 b5 18. d5 exd5 19. Nxd5 Nxd5 20. cxd5 Re8 21. Bc3 Nf6 22. Qf3 Ne4 23. Bxg7 Kxg7 24. Qe2 Qb7 25. Nf3 b4 26. Qc4 Qe7 27. Nd2 Nc3 28. Re1 Qb7 29. e4 Re7 30. Nb1 Nb5 31. Qf1 Rce8 32. f3 Qd7 33. Nd2 a5 34. Nc4 Qc7 35. Ne3 Nd4 36. Nc2 Nxc2 37. Rxc2 f5 38. Qd3 fxe4 39. fxe4 Re5 40. Rf2 Qe7 41. Qf3 Rf5 42. Qe2 Rxf2 43. Kxf2 Qe5 44. Kg2 Qd4 45. Kh1 Re7 46. Kg2 a4 47. Kh1 a3 48. Kg2 Qb2 49. Kh1 Qxe2 50. Rxe2 Kf6 51. Kg2 Ke5 52. Re1 Rf7 53. Re2 g5 54. h3 h5 55. Re1 h4 56. gxh4 gxh4 57. Kg1 Rf4 58. Kg2 Rxe4 59. Ra1 Rd4 0-1

[Event "Bijnor Open 2023"]
[Site "Bijnor"]
[Date "2023.11.30"]
[Round "2.3"]
[White "Sharma, Harish"]
[Black "Aditya Saxena"]
[Result "1-0"]
[ECO "C50"]
[WhiteElo "1904"]
[BlackElo "1150"]
[Annotator "NA RC"]
[PlyCount "107"]
[EventDate "2023.11.29"]
[EventCountry "IND"]
[SourceTitle "playchess.com"]
[Source "ChessBase"]
[SourceQuality "1"]
[TimeControl "5400+30"]

1. e4 e5 2. Nf3 Nf6 3. Nc3 Nc6 4. Bc4 Bc5 5. d3 O-O 6. a3 d6 7. Bg5 Be6 8. Nd5 Bxd5 9. Bxd5 h6 10. Bh4 g5 11. Nxg5 Nxd5 12. exd5 hxg5 13. Qg4 Qf6 14. dxc6 Qg6 15. cxb7 Rab8 16. Qxg5 Qxg5 17. Bxg5 Rxb7 18. b3 f6 19. Be3 Bb6 20. Ke2 Kf7 21. h4 Ke6 22. g4 c5 23. a4 Rh8 24. h5 Bd8 25. f4 Rb4 26. Kf3 f5 27. g5 e4+ 28. dxe4 Rxe4 29. Rag1 Kf7 30. g6+ Kg7 31. h6+ Kg8 32. g7 Rh7 33. Rg6 Be7 34. Rh5 Rb4 35. Rxf5 Rb7 36. Re6 Rb8 37. Rxe7 Rxh6 38. Rxa7 Re8 39. Rf8+ Rxf8 40. gxf8=R+ Kxf8 41. f5 Rf6 42. Kg4 Rf7 43. Rxf7+ Kxf7 44. a5 c4 45. b4 d5 46. Bd4 c3 47. a6 Ke7 48. a7 Kd6 49. a8=Q Kc7 50. Qa6 Kd7 51. b5 Ke8 52. Qb7 Kd8 53. f6 Ke8 54. Qe7# 1-0

[Event "Bijnor Open 2023"]
[Site "Bijnor"]
[Date "2023.11.30"]
[Round "2.4"]
[White "Daksh Goyal"]
[Black "Bhavishya Chauhan"]
[Result "1-0"]
[ECO "B77"]
[WhiteElo "1814"]
[BlackElo "1144"]
[Annotator "NA COMBH"]
[PlyCount "71"]
[EventDate "2023.11.29"]
[EventCountry "IND"]
[SourceTitle "playchess.com"]
[Source "ChessBase"]
[SourceQuality "1"]
[TimeControl "5400+30"]

1. e4 c5 2. Nf3 d6 3. d4 cxd4 4. Nxd4 Nf6 5. Nc3 g6 6. Be3 Bg7 7. f3 Nc6 8. Qd2 Bd7 9. Nxc6 Bxc6 10. Bc4 O-O 11. O-O a6 12. Rfd1 Rc8 13. Bf1 Re8 14. Rab1 Qc7 15. Qf2 e6 16. Bf4 Bf8 17. Rd3 Rcd8 18. Rbd1 Rd7 19. a4 Be7 20. b4 b5 21. axb5 Bxb5 22. Nxb5 axb5 23. Ra3 Rb8 24. Rda1 Qc6 25. Ra6 Qc3 26. R1a3 Qc8 27. g3 Bf8 28. c3 Ne8 29. Rb6 Rdb7 30. Rxb7 Rxb7 31. Qa2 Qc6 32. Ra8 Nc7 33. Rd8 e5 34. Bh6 $16 Ne6 35. Ra8 Qxc3 $2 {[%emt 0:01:33] [#]} (35... Qb6+ $18 36. Kg2 (36. Qf2 Qc7 $16) 36... Rb8) 36. Qxe6 $3 1-0

[Event "Bijnor Open 2023"]
[Site "Bijnor"]
[Date "2023.11.30"]
[Round "2.5"]
[White "Indra Shyam Singh"]
[Black "Anchal, Rastogi"]
[Result "0-1"]
[ECO "B30"]
[WhiteElo "1136"]
[BlackElo "1770"]
[Annotator "NA RC"]
[PlyCount "68"]
[EventDate "2023.11.29"]
[EventCountry "IND"]
[SourceTitle "playchess.com"]
[Source "ChessBase"]
[SourceQuality "1"]
[TimeControl "5400+30"]

1. e4 c5 2. Nf3 e6 3. Bc4 Nc6 4. O-O Qc7 5. Nc3 Nf6 6. d4 cxd4 7. Nxd4 a6 8. Nxc6 Qxc6 9. Bd3 b5 10. Bg5 b4 11. Bxf6 gxf6 12. Ne2 Bb7 13. Nd4 Qc7 14. Qh5 Bd6 15. Rfe1 Be5 16. Nb3 Bxb2 17. Rab1 Bc3 18. Re3 a5 19. Rg3 a4 20. Nc5 Ra5 21. Rg7 Rf8 22. Qxh7 Rxc5 23. Be2 f5 24. Rxf7 Rh8 25. Re7+ Kd8 26. Bh5 Qd6 27. Rxd7+ Qxd7 28. Qg6 Bxe4 29. Qg5+ Kc8 30. Be2 Qd6 31. h3 Bxc2 32. Rf1 b3 33. Qe3 Bd4 34. Qf3 Be4 0-1

[Event "Bijnor Open 2023"]
[Site "Bijnor"]
[Date "2023.11.30"]
[Round "2.6"]
[White "Shiven Bansal"]
[Black "Wazeer Ahmad, Khan"]
[Result "1-0"]
[ECO "B01"]
[WhiteElo "1127"]
[BlackElo "1686"]
[Annotator "NA RC"]
[PlyCount "106"]
[EventDate "2023.11.29"]
[EventCountry "IND"]
[SourceTitle "playchess.com"]
[Source "ChessBase"]
[SourceQuality "1"]
[TimeControl "5400+30"]

1. e4 d5 2. exd5 Nf6 3. d4 Nxd5 4. c4 Nb6 5. Nc3 c6 6. h3 Be6 7. b3 Bf5 8. Nf3 e6 9. Bb2 N8d7 10. Be2 Nf6 11. Nh4 Bg6 12. Nxg6 hxg6 13. O-O Rh4 14. Nb1 Qc7 15. Nd2 O-O-O 16. Nf3 Rh8 17. Qe1 Nh5 18. a4 Nf4 19. Bc1 Bb4 20. Bxf4 Bxe1 21. Bxc7 Bxf2+ 22. Rxf2 Kxc7 23. a5 Nd7 24. Ng5 Rdf8 25. Rxf7 Rxf7 26. Nxf7 Rh4 27. Bg4 Nf6 28. Ne5 Nxg4 29. Nxg4 Rh8 30. Rf1 Rd8 31. Rf4 g5 32. Re4 Kd6 33. Kf2 Rf8+ 34. Ke2 Rf5 35. Ne5 c5 36. Nf3 cxd4 37. Nxd4 Rxa5 38. Rxe6+ Kd7 39. Rg6 Ra2+ 40. Kf3 Rd2 41. Rxg7+ Kc8 42. Nf5 Rd3+ 43. Ke2 Rxb3 44. Nd6+ Kb8 45. Rxb7+ Rxb7 46. Nxb7 Kxb7 47. Kd3 Kc6 48. g3 a5 49. h4 gxh4 50. gxh4 a4 51. h5 a3 52. Kc2 a2 53. Kb2 Kc7 1-0

[Event "Bijnor Open 2023"]
[Site "Bijnor"]
[Date "2023.11.30"]
[Round "2.7"]
[White "Verma Ashu"]
[Black "Abhibhav Kumar"]
[Result "1-0"]
[ECO "C52"]
[WhiteElo "1674"]
[BlackElo "1127"]
[Annotator "NA RC"]
[PlyCount "65"]
[EventDate "2023.11.29"]
[EventCountry "IND"]
[SourceTitle "playchess.com"]
[Source "ChessBase"]
[SourceQuality "1"]
[TimeControl "5400+30"]

1. e4 e5 2. Nf3 Nc6 3. Bc4 Bc5 4. b4 Bxb4 5. c3 Ba5 6. d4 exd4 7. O-O Nge7 8. Ng5 Ne5 9. Bxf7+ Nxf7 10. Nxf7 Kxf7 11. Qh5+ g6 12. Qxa5 Re8 13. cxd4 d6 14. Nd2 d5 15. e5 b6 16. Qc3 Ba6 17. Re1 Nf5 18. Nf3 h6 19. g4 Ng7 20. Bxh6 Qd7 21. h3 Rh8 22. e6+ Nxe6 23. Ne5+ Ke7 24. Nxd7 Kxd7 25. Rxe6 Kxe6 26. Qc6+ Ke7 27. Bg5+ Kf7 28. Qxd5+ Kg7 29. Qd7+ Kf8 30. Bf6 Rh7 31. Qxh7 Bb7 32. Qg7+ Ke8 33. Qe7# 1-0

[Event "Bijnor Open 2023"]
[Site "Bijnor"]
[Date "2023.11.30"]
[Round "2.8"]
[White "Jain Medant"]
[Black "Gopal Krishna Maheshwari"]
[Result "0-1"]
[ECO "A80"]
[WhiteElo "1123"]
[BlackElo "1627"]
[Annotator "NA RC"]
[PlyCount "88"]
[EventDate "2023.11.29"]
[EventCountry "IND"]
[SourceTitle "playchess.com"]
[Source "ChessBase"]
[SourceQuality "1"]
[TimeControl "5400+30"]

1. d4 d5 2. Bf4 e6 3. e3 f5 4. Nf3 Nf6 5. c4 c6 6. c5 b6 7. b4 a5 8. Bxb8 Rxb8 9. Ne5 Bd7 10. Qa4 Qc7 11. Nxd7 Nxd7 12. a3 b5 13. Qb3 a4 14. Qc2 Be7 15. Bd3 O-O 16. g3 Bf6 17. Nc3 g6 18. Bf1 e5 19. Ne2 Rbe8 20. Rd1 exd4 21. Nxd4 f4 22. Bh3 Bxd4 23. Rxd4 fxe3 24. O-O exf2+ 25. Rxf2 Ne5 26. Rdf4 Rxf4 27. gxf4 Nc4 28. f5 Re1+ 29. Bf1 Ne3 30. Qd2 Rxf1+ 31. Rxf1 Nxf1 32. Kxf1 Qf7 33. Qf4 Qxf5 34. Qxf5 gxf5 35. Ke2 Kf7 36. Ke3 Ke6 37. Kf4 d4 38. h4 h6 39. h5 Kf6 40. Kg3 Ke5 41. Kf3 f4 42. Ke2 Ke4 43. Kd2 f3 44. Ke1 Ke3 0-1

[Event "Bijnor Open 2023"]
[Site "Bijnor"]
[Date "2023.11.30"]
[Round "2.9"]
[White "Sparsh Yadav"]
[Black "Rhishav Mondal"]
[Result "1-0"]
[ECO "C45"]
[WhiteElo "1598"]
[BlackElo "1123"]
[Annotator "NA RC"]
[PlyCount "120"]
[EventDate "2023.11.29"]
[EventCountry "IND"]
[SourceTitle "playchess.com"]
[Source "ChessBase"]
[SourceQuality "1"]
[TimeControl "5400+30"]

1. e4 e5 2. Nf3 Nc6 3. d4 exd4 4. Nxd4 Bc5 5. Nxc6 Qf6 6. Qf3 dxc6 7. Bd3 Be6 8. Nc3 Bb4 9. Bd2 Qxf3 10. gxf3 Nf6 11. Rg1 g6 12. a3 Bf8 13. Ke2 Bg7 14. f4 O-O-O 15. f3 Rhe8 16. Be3 b6 17. Rad1 Kb7 18. Kf2 Bc8 19. f5 Rd7 20. Bc4 Ree7 21. Rxd7 Nxd7 22. Be2 a6 23. h4 Nf6 24. Bd3 c5 25. f4 Re8 26. e5 Nd7 27. h5 Nf8 28. hxg6 hxg6 29. fxg6 fxg6 30. Bxg6 Nxg6 31. Rxg6 Re7 32. Nd5 Rd7 33. e6 Rxd5 34. e7 Bd7 35. Rxg7 Rh5 36. Rg8 Rh2+ 37. Ke1 Rxc2 38. e8=Q Bxe8 39. Rxe8 Rxb2 40. f5 Rh2 41. f6 Rh7 42. Re7 Rh8 43. f7 Rf8 44. Bh6 Rxf7 45. Rxf7 Kc6 46. Bf4 a5 47. a4 b5 48. Rxc7+ Kb6 49. axb5 Kxb5 50. Kd2 a4 51. Kc2 a3 52. Ra7 Kb4 53. Bd2+ Kc4 54. Rxa3 Kd4 55. Be3+ Kd5 56. Ra5 Ke4 57. Bxc5 Kf3 58. Kd3 Kg3 59. Ke3 Kg2 60. Bb4 Kh2 1-0

[Event "Bijnor Open 2023"]
[Site "Bijnor"]
[Date "2023.11.30"]
[Round "2.10"]
[White "Ashwin Tyagi"]
[Black "Shaurya Prabhakar"]
[Result "1/2-1/2"]
[ECO "C54"]
[WhiteElo "1114"]
[BlackElo "1578"]
[Annotator "NA RC"]
[PlyCount "67"]
[EventDate "2023.11.29"]
[EventCountry "IND"]
[SourceTitle "playchess.com"]
[Source "ChessBase"]
[SourceQuality "1"]
[TimeControl "5400+30"]

1. e4 e5 2. Nf3 Nc6 3. Bc4 Bc5 4. c3 Nf6 5. d4 exd4 6. cxd4 Bb4+ 7. Nc3 Nxe4 8. O-O Bxc3 9. d5 Ne5 10. Qe2 O-O 11. Qxe4 Nxf3+ 12. Qxf3 Be5 13. Bf4 d6 14. Bxe5 dxe5 15. Rfe1 Qd6 16. Qg3 f6 17. Bd3 Bd7 18. Qh4 f5 19. f3 Rf6 20. Rac1 Kh8 21. Qc4 c6 22. dxc6 Bxc6 23. Rcd1 Qc7 24. Qc3 Re8 25. Kh1 Qb8 26. Rc1 e4 27. fxe4 f4 28. Rf1 Rh6 29. Rf3 Rhe6 30. h3 Bxe4 31. Bxe4 Rxe4 32. Qc7 Re1+ 33. Kh2 Rxc1 34. Qxc1 1/2-1/2

[Event "Bijnor Open 2023"]
[Site "Bijnor"]
[Date "2023.12.01"]
[Round "3.1"]
[White "Kulkarni, Vikramaditya"]
[Black "Yash Dahiya"]
[Result "1-0"]
[ECO "B10"]
[WhiteElo "2209"]
[BlackElo "1303"]
[Annotator "RC"]
[PlyCount "77"]
[EventDate "2023.11.29"]
[EventCountry "IND"]
[SourceTitle "playchess.com"]
[Source "ChessBase"]
[SourceQuality "1"]
[TimeControl "5400+30"]

1. e4 c6 2. Nf3 d5 3. d3 dxe4 4. dxe4 Qxd1+ 5. Kxd1 Bg4 6. Be2 f6 7. h3 Bh5 8. e5 Bxf3 9. Bxf3 fxe5 10. a4 Nf6 11. Nd2 e6 12. a5 Bc5 13. Ra4 O-O 14. Ke2 Na6 15. c3 Nc7 16. Re1 Rad8 17. Kf1 Rd7 18. Rxe5 Bd6 19. Re1 Nfd5 20. Nc4 Bf4 21. Ne5 Re7 22. Bxf4 Rxf4 23. Rxf4 Nxf4 24. Rd1 Nfd5 25. c4 Nf6 26. b4 g6 27. Bxc6 bxc6 28. Nxc6 Re8 29. Nxa7 Kf7 30. b5 Ra8 31. b6 Na6 32. Nc6 Nc5 33. f4 Ke8 34. g4 Rc8 35. Ne5 Ra8 36. g5 Nfd7 37. b7 Rd8 38. Nxd7 Nxd7 39. a6 1-0

[Event "Bijnor Open 2023"]
[Site "Bijnor"]
[Date "2023.12.01"]
[Round "3.2"]
[White "Ramnathan, Balasubramaniam"]
[Black "Shrey Rajendra"]
[Result "1-0"]
[ECO "A03"]
[WhiteElo "1920"]
[BlackElo "1283"]
[Annotator "NA RC"]
[PlyCount "59"]
[EventDate "2023.11.29"]
[EventCountry "IND"]
[SourceTitle "playchess.com"]
[Source "ChessBase"]
[SourceQuality "1"]
[TimeControl "5400+30"]

1. e3 d5 2. b3 Nf6 3. Bb2 e6 4. f4 Nbd7 5. Nf3 b6 6. Bb5 Bb7 7. Ne5 Rc8 8. Bc6 Ba8 9. c4 dxc4 10. bxc4 Bd6 11. Bxa8 Rxa8 12. Nc6 Qc8 13. Nc3 O-O 14. Nb5 Re8 15. Qf3 e5 16. Nbxa7 Qa6 17. fxe5 Nxe5 18. Nxe5 Bxe5 19. Bxe5 Rxa7 20. Bxf6 gxf6 21. Qg4+ Kh8 22. O-O Rg8 23. Qd4 Qb7 24. Qxf6+ Rg7 25. Rf3 Ra8 26. Rg3 Rag8 27. Rf1 Qa8 28. Rf4 Qa5 29. Rxg7 Rxg7 30. Rg4 1-0

[Event "Bijnor Open 2023"]
[Site "Bijnor"]
[Date "2023.12.01"]
[Round "3.3"]
[White "Lalit Jindal"]
[Black "Sharma, Harish"]
[Result "1-0"]
[ECO "C05"]
[WhiteElo "1332"]
[BlackElo "1904"]
[Annotator "NA RC"]
[PlyCount "129"]
[EventDate "2023.11.29"]
[EventCountry "IND"]
[SourceTitle "playchess.com"]
[Source "ChessBase"]
[SourceQuality "1"]
[TimeControl "5400+30"]

1. e4 e6 2. d4 d5 3. Nd2 Nf6 4. exd5 exd5 5. Bd3 Bd6 6. Ne2 O-O 7. h3 c6 8. O-O Re8 9. Re1 Nbd7 10. Nf1 Nf8 11. c3 Ng6 12. Bg5 h6 13. Bxg6 fxg6 14. Bh4 Bf5 15. Bg3 g5 16. Bxd6 Qxd6 17. Neg3 Bg6 18. Qd2 b5 19. a3 a5 20. b4 a4 21. Rxe8+ Rxe8 22. Re1 Re6 23. Rxe6 Qxe6 24. Qe3 Kf7 25. Qxe6+ Kxe6 26. Ne3 Bd3 27. f3 h5 28. Kf2 Bg6 29. Ne2 Ne8 30. g4 h4 31. Nf1 Kf6 32. Ke3 Nc7 33. Kd2 Ne6 34. Ne3 Bb1 35. Ng2 g6 36. Nc1 Nd8 37. Nd3 Nf7 38. Ne3 Ba2 39. Nc5 Ke7 40. Na6 Bb3 41. Nc5 Nd6 42. Nd3 Nc4+ 43. Nxc4 Bxc4 44. Ne5 Bf1 45. Ke1 Bc4 46. Nxg6+ Ke6 47. Ne5 Ba2 48. Nxc6 Bb1 49. Kd2 Bg6 50. Ne5 Bb1 51. Ke3 Kf6 52. f4 Be4 53. Nf3 Bxf3 54. Kxf3 Kg6 55. fxg5 Kxg5 56. Ke3 Kf6 57. Kf4 Kg6 58. Ke5 Kg5 59. Kxd5 Kf4 60. Kc5 Kg3 61. g5 Kxh3 62. g6 Kh2 63. g7 h3 64. g8=Q Kh1 65. Qd5+ 1-0

[Event "Bijnor Open 2023"]
[Site "Bijnor"]
[Date "2023.12.01"]
[Round "3.4"]
[White "Manish Pal"]
[Black "Daksh Goyal"]
[Result "1-0"]
[ECO "B18"]
[WhiteElo "1321"]
[BlackElo "1814"]
[Annotator "NA RC"]
[PlyCount "131"]
[EventDate "2023.11.29"]
[EventCountry "IND"]
[SourceTitle "playchess.com"]
[Source "ChessBase"]
[SourceQuality "1"]
[TimeControl "5400+30"]

1. e4 c6 2. d4 d5 3. Nd2 dxe4 4. Nxe4 Bf5 5. Ng3 Bg6 6. Nf3 Nd7 7. Bd3 e6 8. h4 Bxd3 9. Qxd3 Ngf6 10. Bg5 Qa5+ 11. Bd2 Qb6 12. O-O Be7 13. Rfe1 O-O 14. Nf5 exf5 15. Rxe7 Qxb2 16. Ree1 Qb5 17. Qxb5 cxb5 18. Reb1 a6 19. a4 Rfc8 20. axb5 Rxc2 21. bxa6 Rxa6 22. Rc1 Ne4 23. Rxc2 Rxa1+ 24. Kh2 h6 25. Be3 Rb1 26. Rc8+ Kh7 27. Rc7 Nef6 28. Kg3 ({White should play} 28. Nd2 $15 Rb4 29. Kh3) 28... b5 $11 ({Black should try} 28... Nb6 $17 29. Rc1 (29. Rxf7 $2 {is the wrong capture.} Nbd5 $19) (29. Rxb7 f4+ 30. Bxf4 Nh5+ 31. Kg4 Nxf4 $17) 29... Ne4+ 30. Kh2 Rxc1 31. Bxc1 Nxf2) 29. Ne5 $1 Nxe5 30. dxe5 Nh5+ 31. Kf3 Kg6 32. Rc6+ f6 33. g3 Rb4 34. Bc5 Rb3+ 35. Kg2 f4 $2 (35... Rd3 $1 $14) 36. e6 $2 (36. g4 $18 f3+ 37. Kh2) 36... fxg3 37. fxg3 Rb2+ 38. Kf3 Rb3+ 39. Kf2 Rb2+ 40. Kf3 (40. Kg1 $1 $14 Nxg3 41. e7 Ne2+ 42. Kf2 Nd4+ 43. Kf1 (43. Ke3 Nf5+ 44. Kf4 Nxe7 $11) 43... Rb1+ 44. Kf2 Rb2+ 45. Kg1 Ne2+ 46. Kf2 Nd4+) 40... Rb3+ 41. Kg2 Rb2+ 42. Kh3 Re2 43. e7 Kf7 44. Rc8 Rxe7 45. Bxe7 Kxe7 46. Rb8 f5 47. Rxb5 Ke6 48. Kg2 Nf6 49. Kf3 g5 50. Ra5 Ng4 51. Ra6+ Kd5 52. Ra5+ Ke6 53. Ra6+ Kd5 54. Rb6 Ne5+ 55. Kg2 gxh4 $2 (55... Ng4 $16) 56. gxh4 Ng4 57. Kf3 Ke5 58. Rb5+ Kf6 59. Kf4 Kg6 60. Rxf5 Nf2 61. h5+ Kg7 62. Ra5 Nh3+ 63. Kf5 Ng5 64. Ra7+ Kf8 65. Kg6 Ne6 66. Kf6 1-0

[Event "Bijnor Open 2023"]
[Site "Bijnor"]
[Date "2023.12.01"]
[Round "3.5"]
[White "Anchal, Rastogi"]
[Black "Prabindra Mani Verma"]
[Result "0-1"]
[ECO "C41"]
[WhiteElo "1770"]
[BlackElo "1273"]
[Annotator "NA RC"]
[PlyCount "48"]
[EventDate "2023.11.29"]
[EventCountry "IND"]
[SourceTitle "playchess.com"]
[Source "ChessBase"]
[SourceQuality "1"]
[TimeControl "5400+30"]

1. Nf3 d6 2. g3 e5 3. e4 Be7 4. Bg2 Be6 5. d4 exd4 6. Nxd4 Qd7 7. Nxe6 fxe6 8. Qg4 d5 9. Qxg7 Bb4+ 10. Qc3 Bxc3+ 11. Nxc3 d4 12. Ne2 e5 13. f4 Nc6 14. h4 d3 15. Nc3 dxc2 16. Nd5 Nce7 17. Nc3 Qd3 18. Kf2 Nf6 19. Bf1 Nxe4+ 20. Nxe4 Qxe4 21. Be3 O-O-O 22. Bg2 Qb4 23. Rac1 Rd2+ 24. Kf3 e4+ 0-1

[Event "Bijnor Open 2023"]
[Site "Bijnor"]
[Date "2023.12.01"]
[Round "3.6"]
[White "Krishan Kumar Baghel"]
[Black "Verma Ashu"]
[Result "0-1"]
[ECO "C65"]
[WhiteElo "1286"]
[BlackElo "1674"]
[Annotator "NA RC"]
[PlyCount "78"]
[EventDate "2023.11.29"]
[EventCountry "IND"]
[SourceTitle "playchess.com"]
[Source "ChessBase"]
[SourceQuality "1"]
[TimeControl "5400+30"]

1. e4 Nc6 2. Nf3 e5 3. Bb5 Nf6 4. d3 Bc5 5. O-O d6 6. h3 Bd7 7. Bg5 h6 8. Bh4 g5 9. Bg3 Nh5 10. Kh2 Nf4 11. Bxf4 gxf4 12. Nc3 a6 13. Bc4 Rg8 14. Nd5 Na5 15. Bb3 c6 16. Nc3 Qf6 17. Qe2 Nxb3 18. axb3 O-O-O 19. Rg1 Rg7 20. Qf1 Rdg8 21. Ne2 Qg6 22. d4 exd4 23. Nxf4 Qxe4 24. Nd3 Bb6 25. Re1 Qf5 26. Ra1 c5 27. Re1 Bc7 28. Kh1 Bc6 29. Re7 Bxf3 30. Rxc7+ Kxc7 31. gxf3 Qxf3+ 32. Kh2 Rxg1 33. Qxg1 Rxg1 34. Kxg1 Qxh3 35. Nxc5 dxc5 36. b4 cxb4 37. c4 d3 38. f4 Qg3+ 39. Kh1 d2 0-1

[Event "Bijnor Open 2023"]
[Site "Bijnor"]
[Date "2023.12.01"]
[Round "3.7"]
[White "Gopal Krishna Maheshwari"]
[Black "Manoj Kumar Vedpal Singh"]
[Result "1-0"]
[ECO "C01"]
[WhiteElo "1627"]
[BlackElo "1269"]
[Annotator "NA RC"]
[PlyCount "84"]
[EventDate "2023.11.29"]
[EventCountry "IND"]
[SourceTitle "playchess.com"]
[Source "ChessBase"]
[SourceQuality "1"]
[TimeControl "5400+30"]

1. e4 e6 2. d4 d5 3. exd5 exd5 4. Bd3 Bd6 5. Nf3 Nf6 6. h3 O-O 7. O-O c6 8. c3 Nbd7 9. Qc2 h6 10. Nbd2 Re8 11. b3 Nf8 12. Bb2 Bc7 13. Rfe1 Be6 14. c4 Rc8 15. c5 Nh5 16. Ne5 Nf4 17. Ndf3 Qf6 18. Re3 Nxd3 19. Qxd3 Bf5 20. Qc3 Be4 21. Nd2 Qf4 22. Nxe4 dxe4 23. Rae1 f5 24. f3 exf3 25. Nxf3 Rxe3 26. Rxe3 Ba5 27. Qc4+ Kh7 28. Re7 Rc7 29. Re8 Nd7 30. Qg8+ Kg6 31. d5 Nf6 32. Re6 Qe3+ 33. Kh1 Bc3 34. Qe8+ Rf7 35. Rxe3 Nxe8 36. Bxc3 Rf8 37. Ne5+ Kh7 38. Nd7 Rg8 39. d6 b6 40. b4 Kg6 41. Re7 bxc5 42. bxc5 f4 1-0

[Event "Bijnor Open 2023"]
[Site "Bijnor"]
[Date "2023.12.01"]
[Round "3.8"]
[White "Surender Kumar"]
[Black "Sparsh Yadav"]
[Result "0-1"]
[ECO "B20"]
[WhiteElo "1271"]
[BlackElo "1598"]
[Annotator "NA RC"]
[PlyCount "80"]
[EventDate "2023.11.29"]
[EventCountry "IND"]
[SourceTitle "playchess.com"]
[Source "ChessBase"]
[SourceQuality "1"]
[TimeControl "5400+30"]

1. e4 c5 2. Bc4 e6 3. Nc3 Nc6 4. a3 Nf6 5. d3 d5 6. exd5 exd5 7. Ba2 Be7 8. h3 O-O 9. Nge2 Bf5 10. Ng3 Bg6 11. O-O h6 12. f4 Bh7 13. f5 Bd6 14. Nh5 Nd4 15. Nxf6+ Qxf6 16. Nxd5 Qe5 17. Bf4 Ne2+ 18. Kh1 Nxf4 19. Nxf4 Bxf5 20. Kg1 Qd4+ 21. Kh1 Bxf4 22. c3 Qd6 23. Qf3 g5 24. g3 Bd7 25. Kh2 Bc6 26. Qg4 Be5 27. Rf2 Rae8 28. Raf1 Re7 29. d4 cxd4 30. cxd4 Qxd4 31. Qf5 Qe4 32. b4 Qxf5 33. Rxf5 Bd4 34. Bc4 Kg7 35. h4 f6 36. hxg5 hxg5 37. g4 Rh8+ 38. Kg3 Re3+ 39. R5f3 Be5+ 40. Kg2 Rh2+ 0-1

[Event "Bijnor Open 2023"]
[Site "Bijnor"]
[Date "2023.12.01"]
[Round "3.9"]
[White "Ayush Saxena"]
[Black "Anant Panwar"]
[Result "1-0"]
[ECO "B42"]
[WhiteElo "1567"]
[BlackElo "1245"]
[Annotator "NA RC"]
[PlyCount "85"]
[EventDate "2023.11.29"]
[EventCountry "IND"]
[SourceTitle "playchess.com"]
[Source "ChessBase"]
[SourceQuality "1"]
[TimeControl "5400+30"]

1. e4 c5 2. Nf3 e6 3. d4 cxd4 4. Nxd4 a6 5. c4 Nf6 6. Bd3 Qc7 7. O-O Bd6 8. h3 h5 9. Nc3 Ng4 10. Nf3 Nc6 11. Ne2 Nce5 12. hxg4 Nxd3 13. Qxd3 hxg4 14. e5 Bc5 15. Nh2 f5 16. Qg3 b6 17. Be3 Be7 18. Rad1 g5 19. Bd4 Bb7 20. Qb3 Qc6 21. f3 Bc5 22. Qe3 f4 23. Qe4 Kd8 24. Qxc6 Bxc6 25. Nxg4 Kc7 26. a3 Rh4 27. b4 Be7 28. Bc3 Rah8 29. Nd4 Bb7 30. Nf6 Bc8 31. Kf2 Rh2 32. a4 Bf8 33. Ne8+ Kd8 34. Nd6 Bxd6 35. exd6 Rf8 36. c5 e5 37. Ne2 bxc5 38. bxc5 Bb7 39. Bxe5 g4 40. Bxf4 Rxf4 41. Nxf4 Bxf3 42. Rb1 Ke8 43. Kg3 1-0

[Event "Bijnor Open 2023"]
[Site "Bijnor"]
[Date "2023.12.01"]
[Round "3.10"]
[White "Ujjwal Chauhan"]
[Black "Amit Srivastava"]
[Result "1-0"]
[ECO "B13"]
[WhiteElo "1243"]
[BlackElo "1514"]
[Annotator "NA RC"]
[PlyCount "123"]
[EventDate "2023.11.29"]
[EventCountry "IND"]
[SourceTitle "playchess.com"]
[Source "ChessBase"]
[SourceQuality "1"]
[TimeControl "5400+30"]

1. e4 c6 2. d4 d5 3. exd5 cxd5 4. Nf3 Nc6 5. Be2 Bf5 6. O-O Nf6 7. Nc3 e6 8. a3 h6 9. Bf4 a6 10. h3 Be7 11. Bd3 Bxd3 12. Qxd3 O-O 13. Rfe1 b5 14. Ne5 Qb6 15. b4 Rac8 16. Ne2 Rfd8 17. c3 Bf8 18. Rac1 Nb8 19. Qf3 Nbd7 20. Ng3 Qb7 21. Ng4 Nxg4 22. hxg4 g6 23. Qe3 Kh7 24. g5 h5 25. Qd3 Kg7 26. f3 Qc6 27. Kf2 Bd6 28. Bd2 Qc4 29. Qb1 Rh8 30. Rh1 Qc7 31. Ne2 Nb6 32. f4 Nc4 33. Qa2 Be7 34. Rh3 f6 35. Rch1 fxg5 36. fxg5 Rhf8+ 37. Ke1 Bd6 38. g4 Rh8 39. gxh5 Rxh5 40. Rxh5 gxh5 41. Rxh5 Bg3+ 42. Kd1 Rf8 43. Rh1 Rf5 44. Qc2 Bd6 45. Kc1 Qf7 46. g6 Qf6 47. Qd3 Rf1+ 48. Rxf1 Qxf1+ 49. Kc2 Qa1 50. Bc1 Nxa3+ 51. Bxa3 Qxa3 52. Kd1 Bxb4 53. Qf3 Qa1+ 54. Kd2 Qb2+ 55. Ke1 Qb1+ 56. Kf2 Kxg6 57. cxb4 Qxb4 58. Nf4+ Kh6 59. Qh5+ Kg7 60. Qg6+ Kh8 61. Qf6+ Kh7 62. Qf7+ 1-0

[Event "Bijnor Open 2023"]
[Site "Bijnor"]
[Date "2023.12.01"]
[Round "4.1"]
[White "Sumit Kumar"]
[Black "Kulkarni, Vikramaditya"]
[Result "0-1"]
[ECO "E12"]
[WhiteElo "1334"]
[BlackElo "2209"]
[Annotator "RC"]
[PlyCount "38"]
[EventDate "2023.11.29"]
[EventCountry "IND"]
[SourceTitle "playchess.com"]
[Source "ChessBase"]
[SourceQuality "1"]
[TimeControl "5400+30"]

1. d4 Nf6 2. c4 e6 3. Nf3 b6 4. a3 Ba6 5. Nbd2 c5 6. e3 Be7 7. Bd3 O-O 8. O-O Nc6 9. Qc2 cxd4 10. exd4 d5 11. b3 dxc4 12. Bxc4 Bxc4 13. Qxc4 Rc8 14. Qa4 Qd5 15. Bb2 b5 16. Qa6 Nb8 17. Qa5 Bd8 18. Qxa7 Nfd7 19. Nc4 bxc4 0-1